 Dungeon Sprint DCSS version 0.31-a0-744-gbc345e7fcb (webtiles) character file.

Game seed: 9311623318057762081

56 rocky1 the Insei (level 5, -8/42 HPs)
             Began as a Demonspawn Shapeshifter on Sept 14, 2023.
             Was a Follower of Okawaru.
             Mangled by a rust devil (11 damage)
             ... in the Dungeon (Sprint VI: "Thunderdome").
             The game lasted 00:02:43 (395 turns).

rocky1 the Insei (Demonspawn Shapeshifter)           Turns: 395, Time: 00:02:43

Health: -8/42      AC: -16   Str: 14    XL:     5   Next: 73%
Magic:  7/7        EV: 12    Int: 11    God:    Okawaru [*.....]
Gold:   280        SH:  0    Dex: 15    Spells: 4/4 levels left

rFire   . .          .
                       - Unarmed
rCold   . . .        (no shield)
rNeg    . . .        a - +0 animal skin
rPois   .            (helmet currently unavailable)
rElec   .            (cloak currently unavailable)
rCorr   .            (gloves currently unavailable)
SInv    .            (boots currently unavailable)
Will    .....        (no amulet)
Stlth   +            (no ring)
HPRegen 0.27/turn    (no ring)
MPRegen 0.10/turn

%: no teleportation
@: beast-form, corroded
A: beast (slay +3), hooves 1, slimy green scales 1
a: Begin Untransformation, Renounce Religion, Heroism


You were in the Dungeon.
You worshipped Okawaru.
Okawaru was aware of your devotion.
You were a hulking beast.
You visited 1 branch You collected 280 gold pieces.

Inventory:

Armour
 a - a +0 animal skin (worn)
Talismans
 c - a beast talisman (active)
 d - a flux talisman
Wands
 l - a wand of light (2)
Scrolls
 j - 4 scrolls of blinking
 n - 3 scrolls of fog
Potions
 b - a potion of lignification
 e - a potion of curing
 f - 3 potions of heal wounds
 g - 4 potions of haste
 h - 2 potions of magic
 i - a potion of berserk rage
 k - a potion of resistance


   Skills:
 * Level 4.1 Fighting
 + Level 2.6 Dodging
 + Level 0.2 Stealth
 * Level 7.1 Unarmed Combat
 * Level 3.7 Invocations
 + Level 0.9 Evocations
 * Level 6.8 Shapeshifting


You had 4 spell levels left.
You didn't know any spells.
Your spell library was empty.

Dungeon Overview and Level Annotations

Branches:
Dungeon (1/1)

Altars:
Cheibriados
Dithmenos
Fedhas
Gozag
Kikubaaqudgha
Makhleb
Okawaru
Qazlal
Ru
Sif Muna
Trog
Uskayaw
Vehumet
Wu Jian
Xom
Yredelemnul
Lugonu

Shops:
D *[=??*?*:[((!!!!


Innate Abilities, Weirdness & Mutations

You are a hulking beast.
Your limbs bulge with bestial killing power. (Slay +3)
You have large cloven feet.
You are partially covered in slimy green scales. (AC +2)


Message History

You kick the rust devil, but do no damage.
You punch the rust devil, but do no damage.
The rust devil is almost dead.
The rust devil closely misses you.
You hit the rust devil but do no damage.
You kick the rust devil, but do no damage.
The rust devil is almost dead.
The rust devil closely misses you.
You hit the rust devil but do no damage.
The rust devil is almost dead.
An iron imp comes into view.
The iron imp shouts, "Fly, thou qualling tickle-brained snaffler!"
The rust devil barely misses you.
You hit the rust devil but do no damage.
The rust devil is almost dead.
The rust devil hits you.
* * * LOW HITPOINT WARNING * * *
The rust devil corrodes you!
You closely miss the rust devil.
You kick the rust devil, but do no damage.
The rust devil is almost dead.
The rust devil hits you.
* * * LOW HITPOINT WARNING * * *
The rust devil corrodes you!
You hit the rust devil but do no damage.
The rust devil is almost dead.
The rust devil hits you.
* * * LOW HITPOINT WARNING * * *
The rust devil corrodes you!
You hit the rust devil but do no damage.
You kick the rust devil, but do no damage.
The rust devil is almost dead.
The rust devil hits you.
* * * LOW HITPOINT WARNING * * *
The rust devil corrodes you!
You hit the rust devil but do no damage.
You kick the rust devil, but do no damage.
The rust devil is almost dead.
The rust devil hits you!
You die...

##### ##⌠§⌠## #.....# ##.....##
##∩..5..∩## #∩.......∩#
#_......._# #_...4..._#
#_...h..._# ###.........###
#⌠...........⌠#
######.8.........8.######
##∩__.......###.......__∩##
##∩......[.8.# #.8........∩###
.............###.............#
..........###...###..[.......⌠#
..........# #.<.# #..........⌠#


You could see a rust devil and an iron imp.

Vanquished Creatures
  A quasit (D)
  4 iron imps (D)
  Terence (D)
  Jessica (D)
  An adder (D)
  2 white imps (D)
  An orc (D)
  An endoplasm (D)
  A bat (D)
13 creatures vanquished.

Notes
Turn   | Place    | Note
-------+----------+-------------------------------------------
     0 | D        | rocky1 the Demonspawn Shapeshifter began the quest for the
                  | Orb.
     0 | D        | Reached XP level 1. HP: 15/15 MP: 1/1
     3 | D        | Found a hide-covered altar of Uskayaw.
     3 | D        | Found an iron altar of Okawaru.
     4 | D        | Found a blossoming altar of Fedhas.
     4 | D        | Found a stormy altar of Qazlal.
     5 | D        | Found an opulent altar of Gozag.
     5 | D        | Round 1.
     6 | D        | Found Nihegatt's Do-It-Yourself Clinic.
     6 | D        | Found a burning altar of Makhleb.
     6 | D        | Found Vuolitog's Distillery.
     7 | D        | Found Reall's Bottled Wisdom.
     7 | D        | Found Onio's Distillery.
     9 | D        | Noticed Terence
    14 | D        | Killed Terence
    15 | D        | Reached skill level 4 in Unarmed Combat
    15 | D        | Gained mutation: You are partially covered in slimy green
                  | scales. (AC +2) [demonic ancestry]
    15 | D        | Reached XP level 2. HP: 22/22 MP: 2/2
    16 | D        | Found a shimmering altar of Xom.
    26 | D        | Found an ancient bone altar of Kikubaaqudgha.
    26 | D        | Found Qoepo's Staff Store.
    28 | D        | Found a corrupted altar of Lugonu.
    28 | D        | Found a radiant altar of Vehumet.
    28 | D        | Found Piffodag's Magic Scroll Shop.
    29 | D        | Found Ahamowka's Must-Have Magic.
    29 | D        | Found Reni's Magic Scroll Shop.
    38 | D        | Gained mutation: You have large cloven feet. [demonic
                  | ancestry]
    38 | D        | Reached XP level 3. HP: 21/27 MP: 3/3
    42 | D        | Found a shadowy altar of Dithmenos.
    46 | D        | Found a shimmering blue altar of Sif Muna.
    46 | D        | Found Koheff's Timeless Talismans.
    48 | D        | Found a basalt altar of Yredelemnul.
    48 | D        | Found an ornate altar of the Wu Jian Council.
    48 | D        | Found Hiuloeto's Identification Station.
    49 | D        | Found Wuuhe's Jewellery.
    49 | D        | Found Ughoy's Advanced Armour.
    55 | D        | Found a bloodstained altar of Trog.
    57 | D        | Found a sacrificial altar of Ru.
    60 | D        | Found a snail-covered altar of Cheibriados.
    61 | D        | Found Beneas's Premium Goods.
    62 | D        | Found Deivaygo's Miscellaneous Merchandise.
    62 | D        | Found Lopigeg's Basic Armour.
    64 | D        | Found Motris's Weapon Rack.
    74 | D        | Became a worshipper of Warmaster Okawaru
    82 | D        | Noticed Jessica
    92 | D        | Killed Jessica
    93 | D        | Reached skill level 5 in Shapeshifting
   128 | D        | Arena points: 14 (+14) [x2]
   151 | D        | Round 2.
   160 | D        | Reached skill level 5 in Unarmed Combat
   160 | D        | Reached skill level 1 in Invocations
   160 | D        | Reached XP level 4. HP: 12/34 MP: 3/5
   217 | D        | Reached XP level 5. HP: 17/41 MP: 6/6
   247 | D        | Reached * piety under Okawaru
   248 | D        | Reached skill level 6 in Unarmed Combat
   267 | D        | Arena points: 56 (+42) [x3]
   344 | D        | Round 3.
   357 | D        | Reached skill level 7 in Unarmed Combat
   370 | D        | Noticed a rust devil
   395 | D        | Mangled by a rust devil

Illustrated notes

Levels and vault maps discovered:
D:        arena_sprint

Skill      XL: |  1  2  3  4  5 |
---------------+----------------+-----
Fighting       | 2 3 4 |  4.1
Dodging        | 2 |  2.6
Unarmed Combat | 4 5 7 |  7.1
Shapeshifting  | 4 5 6 |  6.8
Invocations    | 1 2 3 |  3.7
Stealth        | |  0.2
Evocations     | |  0.9

Action                     |  1- 3 |  4- 6 || total
---------------------------+-------+-------++-------
  Melee: Unarmed           |    21 |    39 ||    60
         Kick              |     2 |    13 ||    15
         Punch             |       |     2 ||     2
  Evoke: Wand              |     4 |     4 ||     8
    Use: Potion            |       |     1 ||     1
 Armour: Animal skin       |    10 |    23 ||    33
  Dodge: Dodged            |    12 |    21 ||    33

Table legend: (Time is in decaauts)
 A = Elapsed time spent in this place.
 B = Non-inter-level travel time spent in this place.
 C = Inter-level travel time spent in this place.
 D = Time resting spent in this place.
 E = Time spent auto-exploring this place.
 F = Levels seen in this place.
 G = Mean time per level.
                   A        B        C        D        E       F      G
               +--------+--------+--------+--------+--------+-----+--------+
         Total |    388 |    388 |      0 |    154 |      0 |   1 |  388.0 |
       Dungeon |    388 |    388 |      0 |    154 |      0 |   1 |  388.0 |
               +--------+--------+--------+--------+--------+-----+--------+

Top non-repeatable levels by time:
       D: 388 daAuts
